 Dungeon Crawl Stone Soup version 0.29-a0-360-g8ed1089bbe (webtiles) character file.

Game seed: 1463493199881249770

253 chopper the Shooter (level 5, -9/45 HPs)
             Began as a Minotaur Hunter on Apr 29, 2022.
             Killed by divine providence
             ... invoked by an orc priest
              (15 damage)
             ... on level 6 of the Dungeon.
             The game lasted 00:20:17 (3447 turns).

chopper the Shooter (Minotaur Hunter)               Turns: 3447, Time: 00:20:18

Health: -9/45      AC:  4    Str: 16    XL:     5   Next: 90%
Magic:  4/4        EV: 12    Int:  6    God:
Gold:   314        SH:  0    Dex: 15    Spells: 4/4 levels left

rFire   . . .      SeeInvis .   a - +1 shortbow
rCold   . . .      Faith    .   (shield currently unavailable)
rNeg    . . .      Spirit   .   b - +0 leather armour
rPois   .          Reflect  .   (helmet restricted)
rElec   .          Harm     .   (no cloak)
rCorr   .          Rampage  .   (no gloves)
Will    .....                   e - +0 pair of boots
Stlth   ++........              (no amulet)
HPRegen 0.15/turn               (no ring)
MPRegen 0.09/turn               (no ring)

@: no status effects
A: horns 2, retaliatory headbutt
a: no special abilities


You were on level 6 of the Dungeon.
You visited 1 branch of the dungeon, and saw 5 of its levels.

You collected 314 gold pieces.

Inventory:

Hand Weapons
 a - a +1 shortbow (weapon)
 d - a +0 long sword
 i - a +2 dagger of protection
 r - a +1 vorpal falchion
Armour
 b - a +0 leather armour (worn)
 e - a +0 pair of boots (worn)
Scrolls
 c - 4 scrolls of immolation
 h - a scroll of magic mapping
 l - a scroll of blinking {unknown}
 n - a scroll of torment {unknown}
 o - a scroll of identify {unknown}
Potions
 f - a potion of haste {unknown}
 g - a potion of heal wounds {unknown}
 j - a potion of cancellation {unknown}
 m - a potion of curing {unknown}
 p - a potion of lignification {unknown}
 q - a potion of degeneration {unknown}


   Skills:
 + Level 3.3 Fighting
 + Level 6.9 Bows
 + Level 1.6 Armour
 + Level 2.6 Dodging
 + Level 1.5 Stealth


You had 4 spell levels left.
You didn't know any spells.
Your spell library was empty.

Dungeon Overview and Level Annotations

Branches:
Dungeon (4/15)
 Temple: D:4-7

Altars:
Nemelex Xobeh
Xom
Zin


Innate Abilities, Weirdness & Mutations

You have a pair of horns on your head.
You reflexively headbutt those who attack you in melee.


Message History

Press: ? - help, Q - select action Shift-Dir - straight line, f - ogre
Aim: an ogre, wielding a +0 giant spiked club (77% to hit)
You shoot an arrow. The arrow barely misses the ogre.
Shoot: a) +1 shortbow
Press: ? - help, Q - select action Shift-Dir - straight line, f/p - ogre
Aim: an ogre, wielding a +0 giant spiked club (77% to hit)
You shoot an arrow. The arrow hits the ogre!
The ogre is moderately wounded.
The ogre attacks as you move away!
The ogre hits you with a +0 giant spiked club!
An orc priest comes into view. It is wielding a +0 hand axe.
An orc wizard comes into view. It is wielding a +0 dagger.
As you read the scroll labelled SOUTYFFAVAO, it crumbles to dust.
The scroll dissolves into smoke.
It was a scroll of fog.
Unknown command.
The ogre attacks as you move away!
The ogre hits you with a +0 giant spiked club!
The ogre attacks as you move away! The ogre barely misses you.
The ogre barely misses you. You furiously retaliate!
You headbutt the ogre!
Shoot: a) +1 shortbow
Press: ? - help, Q - select action Shift-Dir - straight line, f/p - ogre
Aim: an ogre, wielding a +0 giant spiked club (purple smoke, severely wounded, 77% to hit)
You shoot an arrow. The arrow hits the ogre.
The ogre is severely wounded.
You hear a shout!
The ogre hits you with a +0 giant spiked club!
* * * LOW HITPOINT WARNING * * *
Shoot: a) +1 shortbow
Press: ? - help, Q - select action Shift-Dir - straight line, f/p - ogre
Aim: an ogre, wielding a +0 giant spiked club (purple smoke, severely wounded, 77% to hit)
You shoot an arrow. The arrow barely misses the ogre.
The ogre barely misses you.
Shoot: a) +1 shortbow
Press: ? - help, Q - select action Shift-Dir - straight line, f/p - ogre
Aim: an ogre, wielding a +0 giant spiked club (purple smoke, severely wounded, 77% to hit)
You shoot an arrow. The arrow hits the ogre!
You kill the ogre!
The orc priest invokes the aid of Beogh against you.
Beogh smites you!
You die...

#≈≈≈* ♣P..# *,*,,,, #####
##'## *,*,**, #...###...#
*,*,**, #...#.#...# *,,,*,,
#...'.'...# **,,,,,
#...#.#...# *,,*,,
#..[###...# *,,**,
##'###############****,,**,
#......§§@§o§§.oo,,,,,>**,
##.##############********,
#.#,,,,,* *, #.#*,**,* *,
#.#*,**,* *, #.#*,**,* *,
#.#*,**,* *, #.#*,**,*
********* *, #.#*,**,*
*,,,,,,,* *,


You could see an orc priest.

Vanquished Creatures
  An ogre (D:6)
  An orc priest (D:3)
  An iguana (D:4)
  A gnoll (D:1)
  5 adders
  An ufetubus (D:4)
  3 worms (D:2)
  A dart slug (D:2)
  2 orcs (D:3)
  2 ball pythons
  5 endoplasms
  5 giant cockroaches
  5 goblins
  3 hobgoblins
  A quokka (D:1)
  A frilled lizard (D:2)
  3 kobolds
  9 rats
50 creatures vanquished.

Vanquished Creatures (others)
  An angel (D:3)
  9 plants (D:1)
10 creatures vanquished.

Grand Total: 60 creatures vanquished

Notes
Turn   | Place    | Note
-------+----------+-------------------------------------------
     0 | D:1      | chopper the Minotaur Hunter began the quest for the Orb.
     0 | D:1      | Reached XP level 1. HP: 18/18 MP: 0/0
   440 | D:1      | Found a faded altar of an unknown god.
   706 | D:1      | Reached XP level 2. HP: 25/25 MP: 1/1
   760 | D:1      | Reached skill level 5 in Bows
  1176 | D:2      | Reached XP level 3. HP: 27/30 MP: 2/2
  1909 | D:2      | Reached XP level 4. HP: 37/37 MP: 3/3
  2233 | D:2      | Reached skill level 6 in Bows
  2654 | D:3      | Found a shimmering altar of Xom.
  2654 | D:3      | Noticed an angel
  2666 | D:3      | Found a glowing silver altar of Zin.
  2835 | D:3      | Found a sparkling altar of Nemelex Xobeh.
  2928 | D:3      | Reached skill level 1 in Armour
  3038 | D:3      | Killed an angel
  3234 | D:3      | Reached skill level 1 in Stealth
  3236 | D:3      | Reached XP level 5. HP: 35/45 MP: 4/4
  3353 | D:4      | You fall into a shaft and drop 2 floors!
  3411 | D:6      | Identified the +1 pair of boots of Jyroluddy {Int+5 Dex-2}
  3421 | D:6      | Noticed an ogre
  3446 | D:6      | Killed an ogre
  3447 | D:6      | Killed from afar by an orc priest

Illustrated notes

Levels and vault maps discovered:
D:1:      lemuel_arrival_river_bridge, layout_basic,
          hellmonk_ecumenical_altar_blasted, serial_park_tiny_2,
          serial_bayou_lagoon_a, minivault_27
D:2:      layout_basic
D:3:      layout_loops_cross, grunt_temple_overflow_order_and_chaos_1,
          nemelex_spade_bored_becter
D:4:      layout_cave_pools, lightli_temple_of_fire,
          chequers_serial_rivers_large_b, dreamdust_wishing_well
D:6:      layout_basic, serial_park_tiny_1, corexii_item_surrounded_by_moat,
          nicolae_zen_rock_garden, minmay_quadrilaterals

Skill      XL: |  1  2  3  4 |
---------------+-------------+-----
Bows           | 5 6 |  6.9
Armour         | 1 |  1.6
Fighting       | 3 |  3.3
Stealth        | 1 |  1.5
Dodging        | |  2.6

Action                   |  1- 3 |  4- 6 || total
-------------------------+-------+-------++-------
 Fire: Shortbow          |    82 |    76 ||   158
  Use: Scroll            |       |     2 ||     2
Armor: Leather armour    |     8 |     8 ||    16
Dodge: Dodged            |    25 |    38 ||    63

Table legend: (Time is in decaauts)
 A = Elapsed time spent in this place.
 B = Non-inter-level travel time spent in this place.
 C = Inter-level travel time spent in this place.
 D = Time resting spent in this place.
 E = Time spent auto-exploring this place.
 F = Levels seen in this place.
 G = Mean time per level.
                   A        B        C        D        E       F      G
               +--------+--------+--------+--------+--------+-----+--------+
         Total |   3504 |   3504 |      0 |    227 |      0 |   5 |  700.8 |
       Dungeon |   3504 |   3504 |      0 |    227 |      0 |   5 |  700.8 |
               +--------+--------+--------+--------+--------+-----+--------+

Top non-repeatable levels by time:
     D:2: 1463 daAuts
     D:1: 1181 daAuts
     D:3: 716 daAuts
     D:6: 94 daAuts
     D:4: 48 daAuts
